Map: Corrosion EC

Players

LiquidMaNa (MaNa) - Winner!

  • Race: Protoss Protoss
  • League: Grandmaster
  • Spawn Location: 11:00

ShaDoWn

  • Race: Protoss Protoss
  • League: Grandmaster
  • Spawn Location: 5:00

Event: HomeStory Cup XVII

VOD

Have the link to the VOD?

Description

Time

  • Played on: June 28, 2018, 5:18 p.m.
  • Length: 5:16

All games in this series

Show
View Real Time Build Order
Export as new Build Order

LiquidMaNa Protoss - Winner!

Build Orders:  

Get SALT Encoding   

  12  0:00  Probe  
  13  0:12  Probe  
  14  0:18  Pylon  
  14  0:24  Probe  
  15  0:32  Probe  
  15  0:38  Gateway  
  15  0:40  Probe  
  16  0:49  Assimilator  
  17  0:50  Probe  
  18  0:58  Probe  
  19  1:06  Assimilator, Probe  
  20  1:15  Gateway  
  20  1:17  Probe  
  20  1:25  Cybernetics Core  
  21  1:29  Probe  
  22  1:34  Pylon  
  22  1:41  Probe  
  24  2:01  Warp Gate  
  24  2:02  Stalker  
  24  2:03  Stalker  
  27  2:18  Pylon  
  27  2:26  Robotics Facility  
  27  2:31  Stalker  
  29  2:37  Stalker  
  30  2:47  Gateway  
  30  3:03  Stalker  
  32  3:07  Warp Prism  
  32  3:11  Stalker  
  36  3:25  Pylon  
  36  3:36  Pylon  
  36  3:50  Shield Battery  
  36  4:04  Stalker x3  
  30  4:36  Zealot  
  30  4:37  Zealot  
  30  5:00  Zealot x2  
Show
View Real Time Build Order
Export as new Build Order

ShaDoWn Protoss 

Build Orders: Oracle Opening 

Get SALT Encoding   

  12  0:00  Probe  
  13  0:12  Probe  
  14  0:18  Pylon  
  14  0:24  Probe  
  15  0:32  Probe  
  15  0:36  Gateway  
  15  0:40  Probe  
  16  0:46  Assimilator  
  17  0:51  Probe  
  17  0:54  Assimilator  
  18  0:59  Probe  
  19  1:07  Probe  
  19  1:13  Gateway  
  19  1:17  Probe  
  20  1:23  Cybernetics Core  
  21  1:29  Probe  
  22  1:34  Pylon  
  22  1:41  Probe  
  23  1:52  Warp Gate  
  23  1:53  Probe  
  24  2:00  Adept  
  24  2:01  Adept  
  28  2:14  Pylon  
  27  2:19  Stargate  
  27  2:27  Stalker  
  29  2:31  Stalker  
  31  2:54  Nexus  
  31  2:56  Oracle  
  34  3:13  Shield Battery  
  34  3:18  Probe  
  35  3:22  Stalker  
  37  3:30  Pylon  
  37  3:32  Probe  
  38  3:43  Oracle  
  37  3:50  Pylon  
  37  3:57  Robotics Facility  
  37  4:10  Gateway  
  37  4:11  Shield Battery  
  37  4:16  Sentry, Shield Battery, Zealot  
  41  4:22  Pylon  
  41  4:27  Shield Battery  
  41  4:30  Shield Battery  
  41  4:38  Zealot  
  31  4:58  Zealot  
  28  5:07  Zealot  
Tags
 
Add a new tag
Caveats
  • Supply blocks, unpowered buildings, or Contaminate may cause inaccurate times.
  • Supply counts are checked every 10 seconds.